 Dungeon Crawl Stone Soup version 0.30-a0-469-g84de5afbc5 (webtiles) character file.

Game seed: 4231855338159272207

203878 cforsyth the Warrior (level 17, -12/179 HPs)
             Began as an Armataur Gladiator on Dec 19, 2022.
             Was the Champion of Okawaru.
             Shot with an arrow by a satyr (30 damage)
             ... on level 3 of the Shoals.
             The game lasted 01:23:22 (40840 turns).

cforsyth the Warrior (Armataur Gladiator)          Turns: 40840, Time: 01:23:22

Health: -12/179    AC: 38    Str: 43    XL:     17   Next: 99%
Magic:  17/17      EV:  6    Int:  9    God:    Okawaru [******]
Gold:   3005       SH: 19    Dex: 12    Spells: 16/16 levels left

rFire   + + .      SeeInvis +    j - +9 flail of Ymier {drain, Fragile Str+7 SInv Stlth+}
rCold   + . .      Faith    .    V - +2 kite shield {AC+3}
rNeg    + . .      Spirit   .    M - +0 gold dragon scales
rPois   +          Reflect  +    c - +0 helmet
rElec   .          Harm     .    k - +2 cloak
rCorr   .          Roll     +    P - +2 pair of gloves {hurl}
Will    +....                    X - +3 barding of Weightlessness {rF+ Str+2}
Stlth   ..........               t - amulet of reflection
HPRegen 0.49/turn                p - +4 ring of slaying
MPRegen 0.15/turn                n - ring "Custy" {rPois rN+ Str+9 Int-2}

@: afraid, studying 2 skills
A: large, rugged brown scales 3, deformed body, armoured tail, roll, long
tongue, awkward tongue
}: 1/15 runes: serpentine
a: Renounce Religion, Heroism, Finesse, Duel


You were on level 3 of the Shoals.
You worshipped Okawaru.
Okawaru was exalted by your worship.
You visited 5 branches of the dungeon, and saw 30 of its levels.
You also visited: Ossuary and Ice Cave.

You collected 3234 gold pieces.
You spent 229 gold pieces at shops.

Inventory:

Hand Weapons
 j - the +9 flail of Ymier (weapon) {drain, Fragile Str+7 SInv Stlth+}
   (You bought it in a shop on level 13 of the Dungeon)

   A truly terrible weapon, it drains the life of any living foe it strikes.
   Str:       It affects your strength (+7).
   SInv:      It lets you see invisible.
   Fragile:   It will be destroyed if unequipped.
   Stlth:     It makes you more stealthy.
 R - a +1 eveningstar of flaming
Missiles
 d - 7 throwing nets (quivered)
 e - 5 silver javelins
Armour
 c - a +0 helmet (worn)
 k - a +2 cloak (worn)
 u - a scarf of resistance
 M - +0 gold dragon scales (worn)
 P - a +2 pair of gloves of hurling (worn)
 V - a +2 kite shield of protection (worn)
 X - the +3 barding of Weightlessness (worn) {rF+ Str+2}
   (Okawaru gifted it to you on level 11 of the Dungeon)

   Str:       It affects your strength (+2).
   rF:        It protects you from fire.
Jewellery
 n - the ring "Custy" (right hand) {rPois rN+ Str+9 Int-2}
   (You found it on level 9 of the Dungeon)

   [ring of positive energy]

   Str:       It affects your strength (+9).
   Int:       It affects your intelligence (-2).
   rPois:     It protects you from poison.
   rN:        It protects you from negative energy.
 o - the amulet "Dekiuffi" {Spirit rF+ rN+ Int-4}
   (You found it on level 9 of the Dungeon)

   [amulet of guardian spirit]

   It causes incoming damage to be divided between your reserves of health and
   magic.
   Int:       It affects your intelligence (-4).
   rF:        It protects you from fire.
   rN:        It protects you from negative energy.
 p - a +4 ring of slaying (left hand)
 t - an amulet of reflection (around neck)
 z - the ring "Wige" {AC+4 Str+3 Dex+4}
   (You found it on level 3 of the Lair of Beasts)

   [ring of protection]

   AC:        It affects your AC (+4).
   Str:       It affects your strength (+3).
   Dex:       It affects your dexterity (+4).
 C - a ring of willpower
 O - a ring of protection from cold
 S - a ring of protection from fire
 U - the ring "Saesk" {Will+ Str+4 Int+6}
   (You found it in an ice cave)

   [ring of intelligence]

   Str:       It affects your strength (+4).
   Int:       It affects your intelligence (+6).
   Will:      It increases your willpower.
 Y - the ring "Pixzoo" {rN+ SInv}
   (You found it on level 13 of the Dungeon)

   [ring of see invisible]

   rN:        It protects you from negative energy.
   SInv:      It lets you see invisible.
Wands
 a - a wand of light (10)
 i - a wand of digging (9)
 w - a wand of paralysis (15)
 I - a wand of polymorph (14)
Scrolls
 b - 2 scrolls of magic mapping
 m - 3 scrolls of torment
 r - 4 scrolls of enchant weapon
 y - 4 scrolls of fear
 A - 4 scrolls of immolation
 D - 2 scrolls of fog
 E - a scroll of vulnerability
 F - 11 scrolls of teleportation
 G - 8 scrolls of poison
 J - 2 scrolls of enchant armour
 L - 9 scrolls of blinking
 Z - 2 scrolls of silence
Potions
 f - 8 potions of might
 g - 9 potions of curing
 h - 10 potions of heal wounds
 l - 3 potions of haste
 s - 6 potions of attraction
 v - 6 potions of flight
 x - 4 potions of lignification
 H - a potion of resistance
 K - 3 potions of ambrosia
 N - 5 potions of invisibility
 Q - 3 potions of cancellation
 T - 6 potions of mutation
 W - a potion of berserk rage
Miscellaneous
 B - a phantom mirror


   Skills:
 + Level 19.4 Fighting
 - Level 16.0 Maces & Flails
 - Level 1.7 Throwing
 - Level 15.0 Armour
 - Level 10.0 Dodging
 + Level 13.6 Shields


You had 16 spell levels left.
You didn't know any spells.
Your spell library contained the following spells:

 Spells                   Type           Power      Damage    Failure   Level
 Sandblast                Erth           0%         2d4       99%         1
 Blink                    Tloc           0%         N/A       100%        2
 Momentum Strike          Conj/Tloc      0%         3d8       100%        2
 Passwall                 Tmut/Erth      0%         N/A       100%        2
 Static Discharge         Conj/Air       0%         2-2/arc   100%        2
 Frozen Ramparts          Ice            0%         1d1       100%        3
 Gell's Gravitas          Tloc           0%         N/A       100%        3
 Inner Flame              Hex/Fire       0%         N/A       100%        3
 Lesser Beckoning         Tloc           0%         N/A       100%        3
 Stone Arrow              Conj/Erth      0%         3d7       100%        3
 Teleport Other           Tloc           0%         N/A       100%        3
 Vhi's Electric Charge    Tloc/Air       0%         N/A       100%        3
 Airstrike                Air            0%         2d(0-16)  100%        4
 Anguish                  Hex/Necr       0%         N/A       100%        4
 Flame Wave               Conj/Fire      0%         2d4       100%        4
 Ice Form                 Ice/Tmut       0%         N/A       100%        4
 Petrify                  Tmut/Erth      0%         N/A       100%        4
 Sticky Flame             Conj/Fire      0%         2d3       100%        4
 Agony                    Necr           0%         N/A       100%        5
 Arcjolt                  Conj/Air       0%         1d10      100%        5
 Blade Hands              Tmut           0%         N/A       100%        5
 Borgnjor's Vile Clutch   Necr/Erth      0%         N/A       100%        5
 Freezing Cloud           Conj/Ice/Air   0%         6-21      100%        5
 Lightning Bolt           Conj/Air       0%         1d11      100%        5
 Metabolic Englaciation   Hex/Ice        0%         N/A       100%        5
 Iron Shot                Conj/Erth      0%         9d1       100%        6
 Statue Form              Tmut/Erth      0%         N/A       100%        6
 Necromutation            Tmut/Necr      0%         N/A       100%        8
 Animate Armour           Summ/Erth      Unusable   N/A       N/A         4
 Summon Ice Beast         Ice/Summ       Unusable   N/A       N/A         4
 Summon Lightning Spire   Summ/Air       Unusable   N/A       N/A         4
 Death Channel            Necr           Unusable   N/A       N/A         6
 Simulacrum               Ice/Necr       Unusable   N/A       N/A         6

Dungeon Overview and Level Annotations

Branches:
Dungeon (15/15)            Temple (0/1) D:6            Lair (5/5) D:10
 Shoals (4/4) Lair:3        Snake (4/4) Lair:2        Slime (0/5) Lair:4
    Orc (2/2) D:11            Elf (0/3) Orc:2        Vaults (0/5) D:14
 Depths (0/4) D:15        Ossuary (visited)           IceCv (visited)

Altars:
Ashenzari
Cheibriados
Dithmenos
Fedhas
Gozag
Kikubaaqudgha
Okawaru
Qazlal
Sif Muna
Uskayaw
Vehumet
Wu Jian
Jiyva

Shops:
D:7 =   D:13 ==[(   D:15 !   Orc:1 *   Orc:2 [*(=   Snake:1 ==:   Snake:4 =?*[=

Portals:
Trove: D:13 (give 17 potions of curing)


Innate Abilities, Weirdness & Mutations

You are completely covered in rugged brown scales. (AC +3, +7% HP)
Armour fits poorly on your strangely shaped body.
You have a long armoured tail.
You roll when moving toward enemies. (Rampage)
Your long tongue fully drains potion bottles. (2x potion effects)
Your tongue gives you trouble enunciating. (1.5x scroll delay)


Message History

You roll towards the water nymph!
A snapping turtle comes into view.
You enter the shallow water.
The snapping turtle hisses angrily.
The satyr shoots an arrow.
You reflect the arrow off an invisible shield around you!
The arrow hits the satyr!!
The merfolk hits you with a +0 trident.
The satyr shoots an arrow.
You reflect the arrow off an invisible shield around you!
The arrow hits the satyr!!
A wind drake comes into view.
The merfolk hits you but does no damage.
The wind drake hisses angrily.
The satyr shoots an arrow.
The arrow hits you. The water nymph completely misses you.
Splash!
You fall into the shallow water.
The merfolk hits you from afar with a +0 trident!
* * * LOW HITPOINT WARNING * * *
Unknown command.
You bludgeon the water nymph!! You tail-slap the water nymph!
The water nymph is almost dead.
A merfolk siren comes into view.
It is wielding a +0 spear of distortion.
The satyr plays a frightful melody on his pipes!
The satyr radiates an aura of fear!
You are terrified of the satyr!
You block the water nymph's attack.
Unknown command.
The satyr shoots an arrow.
The arrow hits you!
* * * LOW HITPOINT WARNING * * *
You see here a Fen Folio.
The satyr plays a lulling melody on his pipes!
You fall asleep.
The water nymph's watery aura covers the stone staircase leading up.
The merfolk hits you from afar with a +0 trident!
You wake up.
* * * LOW HITPOINT WARNING * * *
You block the snapping turtle's attack.
The satyr shoots an arrow.
The arrow hits you!!
You die...

##$...≈≈≈P~≈≈≈P~.
#~~...≈≈~.~≈≈≈P~P~
~.......m~...~P~~P~~P~~
........~~.~....~P~~PPP
..~...#..# #.m~.~P~~PP~P~P
.~~m.....## #k.~~~~~≈~PPP≈
..........# #t..~c≈≈≈≈≈≈≈≈
...~.###..###m~..>.~≈≈≈≈≈≈
..~~..#.....@.m###.~P≈≈≈≈≈
...............##~.)~~≈≈≈≈
..~........###...)..~~≈≈≈≈
#.P~..~..<.# ###...~~≈≈≈≈≈
#.P.P......# #..~~~≈≈≈≈≈
#..~~P~~...# ...~~≈≈≈≈≈≈
.P..~......# ....~~~~≈≈≈≈
...~~...........~~~~~~≈≈≈≈
.PPPP~~~.......~~~~~~~≈≈≈≈


You could see a satyr (scary), a snapping turtle, a wind drake (repels
missiles), a merfolk, a merfolk siren and a water nymph.

Vanquished Creatures
  4 liches (D:13)
  A tentacled starspawn (Lair:3)
  5 nagarajas
  The ghost of GilGalad the Tortoise, a journeyman MiFi of Qazlal (D:13)
  Aizul (Snake:1)
  Louise (D:14)
  An orc warlord (Orc:2)
  2 very ugly things (IceCv)
  A merfolk javelineer (Shoals:1)
  6 merfolk impalers
  3 fire dragons
  7 hydras
  An ice dragon (D:15)
  2 salamander tyrants (Snake:4)
  3 merfolk avatars
  7 centaur warriors
  7 anacondas
  7 boulder beetles
  8 two-headed ogres
  An ogre mage (D:15)
  2 dancing weapons (D:14)
  10 merfolk aquamancers
  An alligator snapping turtle (Shoals:2)
  11 naga warriors
  3 shock serpents
  An orc high priest (Orc:2)
  3 death yaks (Lair:3)
  14 naga sharpshooters
  Urug (Orc:1)
  Sonja (D:11)
  2 salamander mystics
  8 skeletal warriors (D:13)
  3 sea snakes
  A swamp dragon (Lair:5)
  An orange crystal statue (IceCv)
  7 naga ritualists
  Pikel (D:7)
  4 orc knights
  3 harpies
  2 wolf spiders (Lair:5)
  12 mana vipers
  9 salamanders
  An oklob plant (Lair:3)
  15 fauns
  5 ugly things
  5 orc sorcerers
  7 manticores
  4 merfolk sirens
  6 guardian serpents
  3 cyclopes
  44 black mambas
  A gargoyle (D:13)
  20 elephants
  4 water nymphs
  18 naga magi
  14 cane toads
  A kobold demonologist (D:13)
  16 komodo dragons
  5 rime drakes
  A tengu conjurer (D:12)
  2 anaconda simulacra (IceCv)
  2 freezing wraiths (IceCv)
  15 merfolk
  A queen bee (shapeshifter) (D:14)
  15 trolls
  3 wind drakes
  A meliai (shapeshifter) (D:13)
  2 hornets (Lair:5)
  17 slime creatures
  5 dream sheep (Lair:3)
  11 blink frogs
  5 snapping turtles
  A vampire (D:6)
  A shadow (D:12)
  4 wraiths
  11 wyverns
  57 yaks
  8 water elementals
  5 basilisks
  3 steam dragons
  Grum (D:8)
  A redback (Lair:5)
  A human (Lair:3)
  Menkaure (D:4)
  2 wargs (Orc:1)
  2 vampire mosquitoes (D:12)
  46 nagas
  4 acid dragons
  28 water moccasins
  34 orc warriors
  5 black bears
  3 sky beasts
  A swamp drake (Lair:5)
  2 alligator simulacra (IceCv)
  11 ogres
  18 wolves
  14 centaurs
  4 lemures
  A phantom (D:6)
  5 kobold brigands
  Blork the orc (D:4)
  2 elf zombies (Ossuary)
  8 bullfrogs
  4 gnoll sergeants
  A necrophage (D:8)
  2 scorpions
  A hornet simulacrum (D:9)
  3 wights (D:9)
  4 lindwurm simulacra (IceCv)
  6 howler monkeys
  15 killer bees
  An electric eel (Snake:3)
  A centaur zombie (Ossuary)
  2 hounds
  16 orc priests
  2 gnoll boudas
  3 jellies
  3 human zombies
  Terence (D:2)
  A human skeleton (D:6)
  10 iguanas
  33 orc wizards
  2 mummies (Ossuary)
  Robin (D:3)
  18 gnolls
  11 adders
  A shadow imp (D:4)
  A white imp (D:4)
  2 adder zombies (Ossuary)
  3 worms
  2 dart slugs
  80 orcs
  2 bats
  7 endoplasms
  8 giant cockroaches
  18 goblins
  10 hobgoblins
  4 jackals (D:1)
  4 kobolds
  2 quokkas
  11 ball pythons
  3 frilled lizards
  2 goblin zombies (Ossuary)
  10 hobgoblin zombies (Ossuary)
  9 kobold zombies (Ossuary)
  3 orc skeletons (D:6)
  7 orc zombies
  7 rats
  A rat zombie (Ossuary)
1041 creatures vanquished.

Vanquished Creatures (others)
  A komodo dragon (Lair:5)
  A troll (Orc:2)
  An orc wizard (Orc:2)
  An orc (D:8)
  56 fungi
  128 plants
  2 starspawn tentacles (Lair:3)
190 creatures vanquished.

Grand Total: 1231 creatures vanquished

Notes
Turn   | Place    | Note
-------+----------+-------------------------------------------
     0 | D:1      | cforsyth the Armataur Gladiator began the quest for the
                  | Orb.
     0 | D:1      | Reached XP level 1. HP: 18/18 MP: 1/1
    83 | D:1      | Reached skill level 2 in Fighting
    85 | D:1      | Reached skill level 1 in Armour
   130 | D:1      | Reached XP level 2. HP: 24/25 MP: 2/2
   203 | D:1      | Found a faded altar of an unknown god.
   749 | D:2      | Reached XP level 3. HP: 32/32 MP: 3/3
   755 | D:2      | Noticed Terence
   772 | D:2      | Killed Terence
   913 | D:2      | Reached XP level 4. HP: 39/39 MP: 4/4
  1579 | D:3      | Reached skill level 3 in Fighting
  1597 | D:3      | Noticed Robin
  1827 | D:3      | Killed Robin
  1828 | D:3      | Reached XP level 5. HP: 34/48 MP: 5/5
  2154 | D:4      | Noticed Menkaure
  2173 | D:4      | Killed Menkaure
  2174 | D:4      | Reached XP level 6. HP: 15/55 MP: 6/6
  2532 | D:4      | Reached skill level 4 in Fighting
  2750 | D:4      | Noticed Blork the orc
  2758 | D:4      | Killed Blork the orc
  2759 | D:4      | Reached XP level 7. HP: 34/63 MP: 7/7
  2917 | D:4      | Reached skill level 5 in Armour
  2985 | D:5      | Entered Level 5 of the Dungeon
  3002 | D:5      | Identified the +0 ring mail "Nirrel" {Int+2}
  3075 | D:5      | Found an iron altar of Okawaru.
  3075 | D:5      | Found a radiant altar of Vehumet.
  3077 | D:5      | Found a snail-covered altar of Cheibriados.
  3082 | D:5      | Found an ornate altar of the Wu Jian Council.
  3124 | D:5      | Reached skill level 5 in Maces & Flails
  3263 | D:5      | Found a shimmering blue altar of Sif Muna.
  3411 | D:5      | Became a worshipper of Warmaster Okawaru
  3545 | D:5      | Reached skill level 5 in Fighting
  3571 | D:5      | Reached XP level 8. HP: 72/72 MP: 8/8
  3795 | D:6      | Found a staircase to the Ecumenical Temple.
  3859 | D:6      | Reached * piety under Okawaru
  3868 | D:6      | HP: 5/111 [gnoll/+0 halberd[a gnoll bouda] (4)]
  3870 | D:6      | HP: 2/111 [phantom (3)]
  3879 | D:6      | HP: 5/111 [gnoll/+0 halberd[a gnoll bouda] (6)]
  4304 | D:6      | Found a hide-covered altar of Uskayaw.
  4326 | D:6      | Reached skill level 6 in Fighting
  4345 | D:6      | Found a sand-covered staircase.
  4361 | Ossuary  | Entered an ossuary
  4847 | Ossuary  | Reached ** piety under Okawaru
  5089 | D:6      | Reached XP level 9. HP: 83/83 MP: 9/9
  5372 | D:7      | Noticed Pikel
  5730 | D:6      | Reached skill level 7 in Fighting
  6079 | D:7      | Reached *** piety under Okawaru
  6105 | D:7      | Found Igyrat's Jewellery Shoppe.
  6134 | D:7      | Identified the +4 dagger of a bazaar {protect, rElec rC-
                  | MP-9 SInv}
  6246 | D:7      | Noticed a troll
  6251 | D:7      | Paralysed by Pikel for 3 turns
  6256 | D:7      | Killed a troll
  6258 | D:7      | Paralysed by Pikel for 3 turns
  6271 | D:7      | Paralysed by Pikel for 4 turns
  6275 | D:7      | Killed Pikel
  6281 | D:7      | Reached XP level 10. HP: 66/94 MP: 10/10
  6512 | D:7      | Reached skill level 10 in Armour
  6583 | D:7      | Found a broken altar of Ashenzari.
  6778 | D:8      | Found a stormy altar of Qazlal.
  6783 | D:8      | Noticed Grum
  6788 | D:8      | Reached skill level 8 in Fighting
  6803 | D:8      | Killed Grum
  6929 | D:8      | Found a blossoming altar of Fedhas.
  7425 | D:8      | Reached **** piety under Okawaru
  8041 | D:8      | Identified the +5 falchion "Killer Klown's Death" {vamp,
                  | MP+9}
  8299 | D:9      | Reached skill level 9 in Fighting
  8568 | D:9      | Noticed a boulder beetle
  8568 | D:9      | Noticed a centaur warrior
  8569 | D:9      | Found a transporter.
  8570 | D:9      | Noticed a centaur warrior
  8571 | D:9      | Noticed a two-headed ogre
  8572 | D:9      | Noticed a two-headed ogre
  8576 | D:9      | Found a transporter.
  8586 | D:9      | Identified the amulet "Dekiuffi" {Spirit rF+ rN+ Int-4}
  8688 | D:9      | Found a shadowy altar of Dithmenos.
  8930 | D:9      | Reached ***** piety under Okawaru
  9059 | D:9      | Reached XP level 11. HP: 100/103 MP: 11/11
  9714 | D:10     | Entered Level 10 of the Dungeon
  9718 | D:10     | Found a staircase to the Lair.
  9829 | D:10     | Noticed a two-headed ogre
  9837 | D:10     | Killed a two-headed ogre
  9926 | D:10     | Received a gift from Okawaru
 10087 | D:10     | Found an ancient bone altar of Kikubaaqudgha.
 10584 | D:10     | Reached skill level 10 in Maces & Flails
 10867 | D:11     | Reached skill level 10 in Fighting
 11025 | D:11     | Identified the +3 barding of Weightlessness {rF+ Str+2}
                  | (Okawaru gifted it to you on level 11 of the Dungeon)
 11025 | D:11     | Received a gift from Okawaru
 11048 | D:11     | Noticed a two-headed ogre
 11712 | D:11     | Found a staircase to the Orcish Mines.
 11812 | D:11     | Noticed Sonja
 11826 | D:11     | Killed Sonja
 11827 | D:11     | Reached skill level 1 in Shields
 11840 | D:11     | Identified a scroll of acquirement
 11841 | D:11     | Acquired a manual of Dodging
 12387 | D:12     | Noticed a two-headed ogre
 12393 | D:12     | Killed a two-headed ogre
 12394 | D:12     | Reached XP level 12. HP: 103/115 MP: 12/12
 12401 | D:12     | Reached ****** piety under Okawaru
 12666 | D:12     | Noticed a boulder beetle
 12695 | D:12     | Killed a boulder beetle
 13011 | D:12     | Reached skill level 11 in Fighting
 13133 | D:12     | Reached skill level 5 in Dodging
 13756 | D:13     | Received a gift from Okawaru
 13786 | D:13     | Reached skill level 5 in Shields
 14243 | D:13     | Noticed a boulder beetle
 14244 | D:13     | Noticed a centaur warrior
 14253 | D:13     | Killed a centaur warrior
 14287 | D:13     | Killed a boulder beetle
 14287 | D:13     | Received a gift from Okawaru
 14375 | Lair:1   | Entered Level 1 of the Lair of Beasts
 15275 | Lair:1   | Reached XP level 13. HP: 124/124 MP: 13/13
 16428 | Lair:2   | Found a staircase to the Snake Pit.
 16597 | Lair:3   | Found a staircase to the Shoals.
 16620 | Lair:3   | Received a gift from Okawaru
 16706 | Lair:3   | Reached skill level 12 in Fighting
 16954 | Lair:3   | Received a gift from Okawaru
 17464 | Lair:3   | Identified the ring "Wige" {AC+4 Str+3 Dex+4}
 17644 | Lair:3   | Found a runed translucent door.
 17645 | Lair:3   | Noticed a tentacled starspawn
 17659 | Lair:3   | Identified the +1 shortbow "Ixtisag" {elec, rN+ Str+2 Int+7
                  | Dex-3}
 17675 | Lair:3   | Killed a tentacled starspawn
 17678 | Lair:3   | Got the Vellum of the Storm
 17987 | Lair:3   | Identified the +1 barding of the Jolly Dreams {Will+}
                  | (Okawaru gifted it to you on level 3 of the Lair of Beasts)
 17987 | Lair:3   | Received a gift from Okawaru
 18281 | Lair:4   | Found a staircase to the Slime Pits.
 18287 | Lair:4   | Found a viscous altar of Jiyva.
 18350 | Lair:4   | Reached XP level 14. HP: 107/135 MP: 14/14
 19064 | Lair:5   | Entered Level 5 of the Lair of Beasts
 19087 | Lair:5   | Reached skill level 13 in Fighting
 19287 | Lair:5   | Reached skill level 10 in Shields
 20191 | Lair:5   | Received a gift from Okawaru
 20594 | Lair:5   | Reached skill level 14 in Fighting
 21452 | Orc:1    | Entered Level 1 of the Orcish Mines
 21547 | Orc:1    | Found Esojom's CLEARANCE SALE!.
 22169 | Orc:2    | Entered Level 2 of the Orcish Mines
 22261 | Orc:2    | Found a staircase to the Elven Halls.
 22329 | Orc:2    | Noticed Urug
 22537 | Orc:1    | Killed Urug
 22811 | Orc:1    | Reached XP level 15. HP: 100/148 MP: 15/15
 23226 | Orc:2    | Paralysed by an orc sorcerer for 3 turns
 23574 | Orc:2    | Found Imibli's General Store.
 23632 | Orc:2    | Found Minug's Jewellery Boutique.
 23806 | Orc:2    | Found Fuc Jakac's Antique Armour Boutique.
 23821 | Orc:2    | Found Roeg Lari's Antique Weapon Boutique.
 24188 | D:9      | Identified the ring "Acucwa" {MP-9 Int+2 Dex+6 Stlth+}
 24465 | D:9      | Received a gift from Okawaru
 24466 | D:9      | Reached skill level 15 in Maces & Flails
 24523 | D:9      | Identified the ring "Custy" {rPois rN+ Str+9 Int-2}
 24652 | D:13     | Found a portal to a secret trove of treasure.
 24790 | D:13     | Found Tupagyun's Jewellery Shop.
 24833 | D:13     | Identified the +7 scimitar of Lovoah {flame, +Blink rElec
                  | MP+9 Int+4}
 24871 | D:13     | Found Fusugow's Jewellery Shoppe.
 24993 | D:13     | Reached skill level 15 in Fighting
 25107 | D:13     | Found a runed translucent gate.
 25107 | D:13     | Found a runed translucent gate.
 25107 | D:13     | Found a runed translucent gate.
 25109 | D:13     | Found an ancient bone altar of Kikubaaqudgha.
 25109 | D:13     | Noticed a lich
 25109 | D:13     | Noticed a lich
 25109 | D:13     | Noticed a lich
 25109 | D:13     | Noticed a lich
 25110 | D:13     | Noticed GilGalad's ghost (journeyman MiFi)
 25314 | D:13     | Found Siefud's Antique Weapon Shoppe.
 25323 | D:13     | Bought a pitted flail for 229 gold pieces
 25323 | D:13     | Identified the +9 flail of Ymier {drain, Fragile Str+7 SInv
                  | Stlth+} (You bought it in a shop on level 13 of the
                  | Dungeon)
 25653 | D:13     | Found Nigest's Armour Shop.
 25975 | D:14     | Found a gate to the Vaults.
 26095 | D:14     | Received a gift from Okawaru
 26503 | D:14     | Noticed Louise
 26509 | D:14     | Killed Louise
 26696 | D:15     | Entered Level 15 of the Dungeon
 26739 | D:15     | Found a frozen archway.
 26748 | IceCv    | Entered an ice cave
 26752 | IceCv    | Found the +4 skin of Zhor {*Englaciate rC+++ SInv}
 26974 | IceCv    | Found a transporter.
 26984 | IceCv    | Found a transporter.
 27000 | IceCv    | Identified the ring "Saesk" {Will+ Str+4 Int+6}
 27294 | D:15     | Found Taak's Distillery.
 27379 | D:15     | Received a gift from Okawaru
 27485 | D:15     | Reached skill level 16 in Fighting
 27679 | D:15     | Found a staircase to the Depths.
 27795 | D:15     | Found an opulent altar of Gozag.
 28400 | Snake:1  | Entered Level 1 of the Snake Pit
 28774 | Snake:1  | Reached XP level 16. HP: 161/161 MP: 16/16
 28788 | Snake:1  | Identified the +3 scale mail of Honesty {-Cast Harm rPois
                  | rCorr} (Okawaru gifted it to you on level 1 of the Snake
                  | Pit)
 28788 | Snake:1  | Received a gift from Okawaru
 28947 | Snake:1  | Found Togamuarod's Book Shop.
 28947 | Snake:1  | Found Leuroavi's Jewellery Shoppe.
 28948 | Snake:1  | Found Deofrel's Jewellery Shoppe.
 29789 | Snake:1  | Noticed Aizul
 29801 | Snake:1  | Killed Aizul
 30537 | Snake:2  | Received a gift from Okawaru
 30745 | Snake:2  | Reached skill level 10 in Dodging
 32128 | Snake:3  | Reached skill level 17 in Fighting
 32128 | Snake:3  | Reached skill level 15 in Armour
 32265 | Snake:3  | Identified the +9 falchion of Otearuck {vorpal, rC+}
 33320 | Snake:4  | Entered Level 4 of the Snake Pit
 33425 | Snake:4  | Found Xyemoab's Antique Armour Boutique.
 33425 | Snake:4  | Found Afituv's Assorted Antiques.
 33434 | Snake:4  | Found Erchuj Zyles's Jewellery Boutique.
 33510 | Snake:4  | Found Juvixyer's Magic Scroll Shop.
 33894 | Snake:4  | Found Bapyedaf's Jewellery Boutique.
 34262 | Snake:4  | Identified the +0 barding of Amelioration {Int+3} (Okawaru
                  | gifted it to you on level 4 of the Snake Pit)
 34262 | Snake:4  | Received a gift from Okawaru
 34732 | Snake:3  | Reached skill level 18 in Fighting
 35026 | D:13     | Killed a lich
 35027 | D:13     | Reached XP level 17. HP: 170/174 MP: 14/17
 35033 | D:13     | Killed a lich
 35038 | D:13     | Killed a lich
 35042 | D:13     | Killed a lich
 35059 | D:13     | Killed GilGalad's ghost
 35242 | D:13     | Identified the ring "Pixzoo" {rN+ SInv}
 35253 | D:13     | Got Kikubaaqudgha's Treatise on Maleficent Arts
 35261 | D:13     | Identified the +2 helmet of Leisch {Contam rElec MP+9
                  | Int+3}
 37524 | Snake:4  | Got a serpentine rune of Zot
 37561 | Snake:4  | Identified the +1 helmet of Tempters {Contam Rampage rElec
                  | Slay+2} (Okawaru gifted it to you on level 4 of the Snake
                  | Pit)
 37561 | Snake:4  | Received a gift from Okawaru
 37715 | Shoals:1 | Entered Level 1 of the Shoals
 38721 | Shoals:1 | Reached skill level 19 in Fighting
 40256 | Shoals:4 | Entered Level 4 of the Shoals
 40450 | Shoals:4 | Received a gift from Okawaru
 40840 | Shoals:3 | Shot with an arrow by a satyr

Illustrated notes

Levels and vault maps discovered:
D:1:      lemuel_arrival_muddy, layout_basic, ebering_ecumenical_altar_hall
D:2:      minmay_angry_zag, layout_rooms, uniq_terence
D:3:      layout_basic, uniq_robin
D:4:      kennysheep_spiral_hall, layout_basic, uniq_menkaure,
          uniq_blork_the_orc
D:5:      layout_loops_ring, chequers_temple_overflow_statue_of_worship,
          nicolae_overflow_crystal_walls
D:6:      layout_rooms, amcnicky_altar_gilded,
          minmay_temple_entry_statues_fountains, nicolae_ossuary_entry_catacombs
D:7:      cheibrodos_fzero, layout_basic, kennysheep_mini,
          nicolae_take_the_stairs, chequers_serial_rivers_micro_b, uniq_pikel
D:8:      layout_basic, grunt_temple_overflow_forces_of_nature, st_stairs_14,
          uniq_grum
D:9:      gammafunk_sealed_arena, layout_loops_ring,
          grunt_dithmenos_smoke_and_mirrors
D:10:     layout_small_grid, kiku_gazebo_pond_becter,
          due_lair_maze_entry_diamond, hex_large, grunt_ministairs_1
D:11:     layout_roguey, kennysheep_orc_monster_closet_entryway, uniq_sonja
D:12:     layout_loops_corners, minmay_joined_circles
D:13:     layout_loops_ring, enter_trove_3, gammafunk_ghost_crypt, serial_shops,
          nicolae_shop_hallway_plus, shop, nicolae_stop_n_shop_2,
          nicolae_lakefront_shop, minmay_checkerbox
D:14:     nicolae_cairo_tiling_large, layout_loops_ring, erik_vaults_1,
          kennysheep_nondescript, minmay_crystal_room, uniq_louise
D:15:     grunt_enter_depths_hoard, layout_stronghold,
          portal_ice_cave_entry_pillars_2, serial_shops, shop_statue,
          nicolae_gozag_cash_rules_everything_around_me
Lair:1:   layout_loops_ring, serial_forest, infiniplex_forest_zigzag_2,
          infiniplex_forest_clump_double, infiniplex_forest_lined_room_2,
          infiniplex_forest_lined_2, infiniplex_forest_clump_large,
          infiniplex_forest_lined_room_2, infiniplex_forest_clump_cross,
          infiniplex_forest_clump_long
Lair:2:   layout_loops_ring, dummy_snake_entry, chequers_serial_rivers_micro_d,
          lemuel_fruit_fields, infiniplex_staircase_pool_2
Lair:3:   layout_regular_city, minmay_shoals_entry_beasts,
          minmay_lair_oklob_items, pdpol_lair_cabin_in_the_woods
Lair:4:   beast_lair_carwin_large_2, layout_gridlike, minmay_slime_entry_pillars
Lair:5:   guppyfry_lair_end_dragon, layout_big_grid,
          hangedman_lair_tendril_chambers
Shoals:1: layout_shoals, st_sunken_huts
Shoals:2: layout_shoals, nicolae_splish_splash
Shoals:3: layout_shoals, nicolae_shoals_water_booths
Shoals:4: shoals_end_simple, layout_shoals, uniq_polyphemus
Snake:1:  layout_chambers, lemuel_fruit_tree, minmay_shop_grove, uniq_aizul
Snake:2:  nicolae_snake_nest, layout_basic
Snake:3:  layout_misc_corridors, serial_bayou_shore_a
Snake:4:  minmay_snake_end_coiled, layout_cave_town, serial_shops, shop,
          minmay_shoptagon
Orc:1:    layout_caves, nicolae_shop_clearance
Orc:2:    grunt_orc_cross, layout_diamond_mine

Skill      XL: |  1  2  3  4  5  6  7  8  9 10 11 12 13 14 15 16 17 |
---------------+----------------------------------------------------+-----
Fighting       | 2 3 4 5 6 7 9 10 11 12 14 16 18 19 | 19.4
Armour         | 1 2 3 4 6 8 9 11 13 15 | 15.0
Maces & Flails | 3 4 5 6 8 9 10 11 12 14 16 | 16.0
Shields        | 3 6 9 10 13 | 13.6
Dodging        | 3 6 8 10 | 10.0
Throwing       | |  1.7

Action                   |  1- 3 |  4- 6 |  7- 9 | 10-12 | 13-15 | 16-18 || total
-------------------------+-------+-------+-------+-------+-------+-------++-------
Melee: Flail             |    99 |   166 |   368 |   866 |  1521 |   923 ||  3943
       Tailslap          |    11 |    18 |    54 |   181 |   321 |   167 ||   752
       Punch             |       |     1 |     6 |     7 |       |       ||    14
Invok: Heroism           |       |       |     1 |     1 |     5 |     3 ||    10
  Use: Scroll            |       |     4 |     5 |    15 |     6 |     3 ||    33
       Potion            |       |     2 |     7 |     1 |     2 |     1 ||    13
 Stab: Sleeping          |     1 |       |       |       |       |       ||     1
Armor: Leather armour    |    35 |       |       |       |       |       ||    35
       Chain mail        |    15 |       |       |       |       |       ||    15
       Plate armour      |     9 |   148 |   266 |   697 |  1129 |       ||  2249
       Skin              |       |       |   110 |       |       |       ||   110
       Gold dragon scale |       |       |       |       |    39 |   525 ||   564
Dodge: Dodged            |    52 |    46 |    89 |   188 |   321 |   147 ||   843
Block: Other             |       |    39 |    79 |   117 |       |       ||   235
       Reflection        |       |       |     4 |    17 |    22 |   134 ||   177
       Kite shield       |       |       |       |   281 |  1386 |   862 ||  2529

Table legend: (Time is in decaauts)
 A = Elapsed time spent in this place.
 B = Non-inter-level travel time spent in this place.
 C = Inter-level travel time spent in this place.
 D = Time resting spent in this place.
 E = Time spent auto-exploring this place.
 F = Levels seen in this place.
 G = Mean time per level.
                   A        B        C        D        E       F      G
               +--------+--------+--------+--------+--------+-----+--------+
         Total |  40567 |  38107 |   2460 |  10054 |  19879 |  32 | 1267.7 |
       Dungeon |  18265 |  16703 |   1562 |   2917 |   9794 |  15 | 1217.7 |
          Lair |   7037 |   6683 |    354 |    743 |   4379 |   5 | 1407.4 |
        Shoals |   3068 |   3039 |     29 |   1246 |   1189 |   4 |  767.0 |
     Snake Pit |   8614 |   8188 |    426 |   3565 |   3446 |   4 | 2153.5 |
  Orcish Mines |   2450 |   2362 |     88 |    911 |   1040 |   2 | 1225.0 |
       Ossuary |    598 |    598 |      0 |    296 |     25 |   1 |  598.0 |
      Ice Cave |    531 |    531 |      0 |    376 |      5 |   1 |  531.0 |
               +--------+--------+--------+--------+--------+-----+--------+

Top non-repeatable levels by time:
 Snake:4: 2577 daAuts
    D:12: 2266 daAuts
 Snake:1: 2178 daAuts
 Snake:3: 2164 daAuts
  Lair:5: 2078 daAuts
    D:13: 1735 daAuts
 Snake:2: 1694 daAuts
Shoals:1: 1669 daAuts
     D:9: 1589 daAuts
     D:8: 1576 daAuts
    D:10: 1506 daAuts
  Lair:3: 1421 daAuts
  Lair:1: 1399 daAuts
   Orc:2: 1304 daAuts
     D:6: 1303 daAuts
